 Dungeon Crawl Stone Soup version 0.31-a0-516-gfcb59812bd (webtiles) character file.

Game seed: 7559324299133028247

314 Dumfy the Poker (level 6, -3/61 HPs)
             Began as a Troll Berserker on Aug 10, 2023.
             Was a Believer of Trog.
             Slain by Ethylacetat's ghost (10 damage)
             ... on level 3 of the Dungeon.
             The game lasted 00:25:17 (2006 turns).

Dumfy the Poker (Troll Berserker)                   Turns: 2006, Time: 00:25:18

Health: -3/61      AC:  4    Str: 26 (28) XL:     6   Next: 19%
Magic:  5/5        EV: 10    Int:  0 (3)  God:    Trog [**....]
Gold:   127        SH:  0    Dex:  8 (9)  Spells: 5/5 levels left

rFire   . . .        t - +0 flail (protect)
rCold   . . .        (no shield)
rNeg    . . .        b - +0 animal skin
rPois   .            (helmet restricted)
rElec   .            (no cloak)
rCorr   .            (gloves unavailable)
SInv    .            (boots unavailable)
Will    .....        (no amulet)
Stlth   +            (no ring)
HPRegen 1.10/turn    (no ring)
MPRegen 0.09/turn

%: no passive effects
@: on berserk cooldown, attractive, slowed, lost intelligence, unable to read,
very slow
A: large, unfitting armour, claws 3, regeneration 1, shaggy fur 1, tough skin 1
a: Renounce Religion, Berserk, Trog's Hand


You were on level 3 of the Dungeon.
You worshipped Trog.
Trog was pleased with you.
You visited 1 branch of the dungeon, and saw 3 of its levels.

You collected 127 gold pieces.

Inventory:

Hand Weapons
 a - a +0 spear
 i - a +0 dagger of holy wrath
 q - a +0 halberd
 s - a +1 short sword of flaming
 t - a +0 flail of protection (weapon)
Armour
 b - a +0 animal skin (worn)
 r - the +1 leather armour of Defence {SInv}
   (You found it on level 3 of the Dungeon)

   SInv:      It lets you see invisible.
Magical Staves
 o - a staff of fire
Talismans
 p - a serpent talisman
Scrolls
 d - a scroll of blinking
 g - a scroll of noise {unknown}
 k - a scroll of amnesia
 l - a scroll of vulnerability
 m - a scroll of enchant armour {unknown}
Potions
 e - a potion of curing {unknown}
 h - 2 potions of enlightenment
 j - a potion of degeneration


   Skills:
 + Level 3.5 Fighting
 + Level 0.2 Maces & Flails
 + Level 3.9 Polearms
 + Level 3.6 Dodging
 + Level 0.6 Stealth
 * Level 1.1 Shapeshifting


You had 5 spell levels left.
You didn't know any spells.
Your spell library contained the following spells:

 Spells                   Type           Power      Damage    Failure   Level
 Ensorcelled Hibernation  Hex/Ice        0%         N/A       75%         2
 Passwall                 Tmut/Erth      0%         N/A       75%         2
 Call Canine Familiar     Summ           0%         N/A       92%         3
 Portal Projectile        Hex/Tloc       0%         N/A       92%         3
 Swiftness                Air            0%         N/A       92%         3
 Leda's Liquefaction      Hex/Erth       0%         N/A       100%        4


Dungeon Overview and Level Annotations

Branches:
Dungeon (3/15)

Altars:
Elyvilon
Wu Jian

Shops:
D:1 =   D:2 ?

Annotations:
D:3 Ethylacetat's ghost, amateur OpGl


Innate Abilities, Weirdness & Mutations

You are too large for most types of armour.
You have claws for hands.
Your natural rate of healing is unusually fast.
You are covered in fur. (AC +1)
You have tough skin. (AC +1)


Message History

Your Shapeshifting skill increases to level 1!
You have reached level 6!
You feel stronger.
You barely miss Ethylacetat's ghost. Ethylacetat's ghost barely misses you.
You thump Ethylacetat's ghost!
Ethylacetat's ghost is moderately damaged.
You are no longer berserk.
You are exhausted.
You feel yourself slow down.
Your skin stops crawling.
You feel less strong-willed.
Ethylacetat's ghost ducks and says, "Too high!"
Ethylacetat's ghost hits you!
* * * LOW HITPOINT WARNING * * *
You feel attractive to monsters.
Ethylacetat's ghost hits you but does no damage.
It was a potion of degeneration.
There was something very wrong with that liquid.
You feel weakened.
You feel dopey.
You have lost your intelligence.
You feel clumsy. Ethylacetat's ghost hits you.
* * * LOW HITPOINT WARNING * * *
Ethylacetat's ghost hits you.
* * * LOW HITPOINT WARNING * * *
Ethylacetat's ghost shrieks, "You must not succeed where I failed!"
Ethylacetat's ghost hits you but does no damage.
Ethylacetat's ghost hits you.
* * * LOW HITPOINT WARNING * * *
Ethylacetat's ghost hits you but does no damage.
You can move again.
Ethylacetat's ghost attacks as you move away!
Ethylacetat's ghost hits you!
* * * LOW HITPOINT WARNING * * *
Ethylacetat's ghost attacks as you move away!
Ethylacetat's ghost hits you.
* * * LOW HITPOINT WARNING * * *
Ethylacetat's ghost hits you but does no damage.
It was a potion of berserk rage.
You're still recovering from your berserk rage.
Ethylacetat's ghost hits you!
You die...

##8.....8##
$........#
#♣.......♣#
#⌠.......⌠#
♣.......♣####
###'''####..# .
#...........###..#..
#...W..............##
####@........##.....#
##.......# #.....#
#.......###..#...
#........##..##..
...#######........>
.... #......... .....
##......... .....
#.......... .....
......<.......


You could see Ethylacetat's ghost.

Vanquished Creatures
  The ghost of MrAu the Shield-Bearer, an amateur FoFi (D:3)
  An iguana (D:3)
  3 gnolls (D:3)
  6 adders
  An ufetubus (D:3)
  5 orcs (D:3)
  5 bats
  3 endoplasms (D:1)
  4 giant cockroaches (D:2)
  5 goblins
  6 hobgoblins
  2 jackals (D:1)
  5 kobolds (D:1)
  2 quokkas (D:2)
  6 ball pythons
  4 frilled lizards
  3 rats (D:1)
62 creatures vanquished.

Notes
Turn   | Place    | Note
-------+----------+-------------------------------------------
     0 | D:1      | Dumfy the Troll Berserker began the quest for the Orb.
     0 | D:1      | Reached XP level 1. HP: 22/22 MP: 0/0
   146 | D:1      | Reached XP level 2. HP: 29/29 MP: 1/1
   193 | D:1      | Found Ufaexaps's Jewellery Boutique.
   804 | D:2      | Reached ** piety under Trog
   823 | D:2      | Reached XP level 3. HP: 36/36 MP: 2/2
   966 | D:2      | Reached XP level 4. HP: 27/45 MP: 3/3
  1242 | D:2      | Found Filodd's Magic Scroll Boutique.
  1280 | D:2      | Found an ornate altar of the Wu Jian Council.
  1556 | D:3      | Found a white marble altar of Elyvilon.
  1750 | D:3      | Reached XP level 5. HP: 36/53 MP: 4/4
  1855 | D:3      | Identified the +1 leather armour of Defence {SInv}
  1952 | D:3      | Found a runed translucent gate.
  1954 | D:3      | Found a runed translucent gate.
  1955 | D:3      | Found a runed translucent gate.
  1961 | D:3      | Noticed Ethylacetat's ghost (amateur OpGl)
  1961 | D:3      | Noticed MrAu's ghost (amateur FoFi)
  1996 | D:3      | Killed MrAu's ghost
  1997 | D:3      | Reached skill level 1 in Shapeshifting
  1997 | D:3      | Reached XP level 6. HP: 26/61 MP: 5/5
  2000 | D:3      | Lost intelligence.
  2006 | D:3      | Slain by Ethylacetat's ghost

Illustrated notes

Levels and vault maps discovered:
D:1:      tarquinn_simple_flora_water_b, layout_loops_ring, serial_shops,
          nicolae_shop_waterfront, chequers_serial_rivers_room_a,
          minmay_pentomino_v4
D:2:      layout_basic, basic_altar, serial_shops, nicolae_shop_rolled_up,
          serial_bayou_crossing
D:3:      layout_rooms, mainiacjoe_overflow_six_doors_small, elyvilon_altar_4,
          gammafunk_ghost_cemetery, minmay_pentangle

Skill      XL: |  1  2  3  4  5 |
---------------+----------------+-----
Polearms       | 3 |  3.9
Fighting       | 3 |  3.5
Dodging        | 3 |  3.6
Shapeshifting  | 1 |  1.1
Maces & Flails | |  0.2
Stealth        | |  0.6

Action                     |  1- 3 |  4- 6 || total
---------------------------+-------+-------++-------
  Melee: Spear             |   139 |    97 ||   236
         Punch             |     1 |     1 ||     2
         Flail             |       |    30 ||    30
         Halberd           |       |    19 ||    19
 Invoke: Berserk           |       |     2 ||     2
         Trog's Hand       |       |     2 ||     2
    Use: Scroll            |     5 |     1 ||     6
         Potion            |       |     5 ||     5
   Stab: Sleeping          |     3 |     2 ||     5
 Armour: Animal skin       |    53 |    55 ||   108
         Skin              |       |    37 ||    37
  Dodge: Dodged            |    76 |    76 ||   152
         Form:             |       |     2 ||     2
         Anaconda          |       |     2 ||     2

Table legend: (Time is in decaauts)
 A = Elapsed time spent in this place.
 B = Non-inter-level travel time spent in this place.
 C = Inter-level travel time spent in this place.
 D = Time resting spent in this place.
 E = Time spent auto-exploring this place.
 F = Levels seen in this place.
 G = Mean time per level.
                   A        B        C        D        E       F      G
               +--------+--------+--------+--------+--------+-----+--------+
         Total |   2015 |    685 |   1330 |    101 |      0 |   3 |  671.7 |
       Dungeon |   2015 |    685 |   1330 |    101 |      0 |   3 |  671.7 |
               +--------+--------+--------+--------+--------+-----+--------+

Top non-repeatable levels by time:
     D:1: 786 daAuts
     D:2: 762 daAuts
     D:3: 467 daAuts
